AoeStats
← Jamdalf

Arena

509299928Analyzed
1v1 RM · 6d ago on Sep 26, 2026· 41m 11s· 2 players
Game mode
Random Map
Map size
Tiny (2 player)
Population
200
Speed
Normal
Resources
Standard
Victory
Conquest
Starting age
Dark Age
Ending age
Imperial Age
RankedLock teamsTeams togetherTeam positionsShared explorationLock speedFull tech treeHidden civsTurbo modeCheats
Victory
Defeat
🇨🇳 Magyars · China
1019
+17
🇦🇺 Bulgarians · Australia
1044
-17
我大E了,没有闪
11:22 Feudal Age
16:57 Castle Age
15:56 Double-Bit Axe
16:08 Stone Mining
16:31 Horse Collar
18:29 Town Watch
18:45 Loom
19:04 Heavy Plow
19:18 Bow Saw
22:41 Wheelbarrow
24:21 Gold Mining
31:10 Imperial Age
29:27 Bloodlines
29:17 Husbandry
29:33 Scale Barding Armor
29:19 Fletching
30:05 Thumb Ring
30:59 Hand Cart
31:22 Gold Shaft Mining
31:18 Ballistics
30:30 Light Cavalry
31:35 Chain Barding Armor
31:11 Bodkin Arrow
31:16 Padded Archer Armor
31:57 Bracer
33:11 Parthian Tactics
33:11 Conscription
33:41 Siege Engineers
34:41 Two-Man Saw
35:54 Recurve Bow
36:36 Heavy Cavalry Archer
38:58 Elite Magyar Huszar
39:41 Corvinian Army
42:07 Chemistry
41:26 Leather Archer Armor
41:47 Plate Barding Armor
Jamdalf
10:32 Feudal Age
13:10 Loom
16:32 Castle Age
15:50 Double-Bit Axe
15:47 Horse Collar
20:07 Bow Saw
26:54 Bloodlines
26:46 Husbandry
30:03 Wheelbarrow
29:41 Heavy Plow
31:31 Hand Cart
33:48 Imperial Age
32:09 Forging
32:05 Scale Barding Armor
32:00 Scale Mail Armor
31:51 Fletching
32:14 Stone Mining
32:25 Gold Mining
32:36 Stirrups
33:37 Ballistics
33:15 Murder Holes
34:29 Gold Shaft Mining
35:18 Conscription
37:43 Bodkin Arrow
37:48 Padded Archer Armor
38:24 Iron Casting
38:10 Chain Barding Armor
38:31 Bracer
38:00 Elite Skirmisher
38:48 Thumb Ring
39:20 Cavalier
39:21 Light Cavalry
40:18 Leather Archer Armor
41:18 Chemistry
40:39 Ballistics
Connection lost

Rejoining the realm…

Still unreachable

The connection could not be restored.

Session expired

The server has moved on; the page needs a fresh start.